Map: Babylon LE

Players

Airtoss

  • Race: Protoss Protoss
  • League: Platinum
  • Spawn Location: 5:00

luo - Winner!

  • Race: Zerg Zerg
  • League: Diamond
  • Spawn Location: 11:00

VOD

Have the link to the VOD?

Description

Time

  • Played on: April 16, 2023, 7:58 a.m.
  • Length: 23:06
Show
View Real Time Build Order
Export as new Build Order

Airtoss Protoss 

Build Orders: 1 Gate Expand, Zealot Archon 

Get SALT Encoding   

  12  0:00  Probe  
  13  0:12  Probe  
  14  0:19  Pylon  
  14  0:24  Probe  
  15  0:37  Probe (Chrono Boost)  
  15  0:41  Gateway  
  16  0:49  Probe (Chrono Boost)  
  17  0:55  Probe (Chrono Boost)  
  18  0:57  Assimilator  
  18  1:03  Probe  
  19  1:15  Probe  
  20  1:28  Nexus  
  20  1:34  Nexus  
  20  1:44  Cybernetics Core  
  20  1:47  Probe  
  21  2:00  Probe  
  22  2:01  Assimilator  
  22  2:12  Probe (Chrono Boost)  
  22  2:13  Pylon  
  23  2:23  Warp Gate (Chrono Boost)  
  23  2:26  Gateway  
  23  2:31  Probe (Chrono Boost)  
  23  2:32  Adept  
  26  2:39  Probe  
  27  2:49  Twilight Council  
  27  2:51  Probe (Chrono Boost)  
  28  2:56  Probe (Chrono Boost)  
  29  3:03  Probe (Chrono Boost)  
  29  3:04  Adept  
  33  3:09  Probe x2 (Chrono Boost)  
  34  3:16  Resonating Glaives (Chrono Boost)  
  34  3:17  Probe x2  
  36  3:23  Robotics Facility  
  36  3:30  Gateway, Probe  
  36  3:31  Probe  
  38  3:43  Probe  
  38  3:44  Probe  
  40  3:48  Gateway  
  40  3:55  Probe  
  41  4:03  Nexus  
  41  4:06  Probe  
  41  4:08  Adept x2  
  45  4:10  Probe  
  45  4:15  Pylon  
  46  4:27  Pylon  
  46  4:28  Pylon  
  46  4:29  Assimilator  
  46  4:32  Warp Prism (Chrono Boost)  
  46  4:33  Probe x2  
  50  4:43  Adept x2  
  50  4:45  Probe x2  
  56  4:57  Probe  
  57  5:01  Pylon  
  57  5:08  Adept x4  
  65  5:19  Probe x2  
  67  5:23  Gateway  
  67  5:25  Gateway  
  67  5:26  Immortal  
  71  5:29  Zealot  
  73  5:40  Adept x3  
  77  5:51  Adept  
  79  6:03  Adept  
  81  6:06  Probe x3  
  81  6:08  Gateway  
  84  6:12  Gateway  
  84  6:14  Gateway  
  84  6:16  Pylon  
  84  6:17  Templar Archives  
  84  6:18  Probe  
  85  6:22  Adept x3  
  89  6:39  Adept  
  75  7:15  Adept x8  
  87  7:17  Probe x3  
  87  7:20  Assimilator  
  87  7:21  Gateway x2  
  94  7:29  Probe  
  77  7:46  High Templar x2  
  77  7:47  High Templar, Probe x3  
  77  7:49  Psionic Storm  
  86  7:51  Adept x3  
  86  7:52  Adept x3  
  86  7:57  Assimilator, Archon  
  98  7:59  Probe x2  
  98  8:00  Probe  
  99  8:11  Probe x2  
  99  8:12  Probe  
  96  8:23  Probe  
  95  8:35  Probe x3  
  95  8:37  Charge (Chrono Boost)  
  95  8:38  Zealot  
  100  8:42  Pylon  
  100  8:43  Pylon  
  100  8:47  Probe  
  101  9:00  Probe x2  
  103  9:07  Robotics Bay  
  103  9:08  Forge  
  103  9:09  Nexus  
  103  9:12  Pylon, High Templar x2, Forge  
  103  9:13  Pylon, Assimilator x2  
  107  9:17  Archon  
  107  9:19  Probe x2  
  109  9:31  Robotics Facility  
  109  9:35  Protoss Air Weapons Level 1 (Chrono Boost)  
  109  9:39  Stargate  
  109  9:41  Assimilator  
  109  9:51  Gateway  
  109  9:53  Gateway, Zealot x7  
  109  9:55  Gateway  
  109  9:56  Photon Cannon x2  
  109  9:58  Probe  
  109  9:59  Probe x2  
  126  10:08  Nexus  
  126  10:09  Disruptor (Chrono Boost)  
  126  10:11  Pylon, Probe x3  
  126  10:12  Pylon  
  126  10:13  Protoss Shields Level 1 (Chrono Boost)  
  126  10:14  Protoss Ground Weapons Level 1 (Chrono Boost)  
  132  10:20  Warp Prism (Chrono Boost)  
  134  10:35  Photon Cannon x2  
  134  10:36  Disruptor  
  134  10:39  Pylon  
  134  10:41  Pylon  
  137  10:44  Probe x2  
  137  10:45  Photon Cannon  
  137  10:46  Photon Cannon  
  137  10:48  High Templar x3, Shield Battery  
  145  10:50  Zealot x6, Shield Battery  
  161  11:01  Void Ray  
  161  11:07  Photon Cannon  
  161  11:10  Photon Cannon  
  161  11:11  Disruptor, Assimilator, Probe x3  
  161  11:12  Probe  
  167  11:20  Zealot x5  
  167  11:23  Probe x2  
  167  11:24  Probe  
  181  11:26  Observer  
  181  11:31  High Templar  
  181  11:32  High Templar  
  185  11:34  High Templar x3  
  195  11:44  Void Ray  
  167  12:03  Disruptor, Observer  
  159  12:20  Stalker x4  
  159  12:21  Stalker x5  
  175  12:24  Disruptor  
  175  12:27  Blink (Chrono Boost)  
  175  12:29  Probe  
  181  12:30  Probe x2  
  181  12:31  Assimilator  
  181  12:36  Probe x2  
  183  12:38  Disruptor  
  183  12:41  Probe  
  185  12:46  Nexus  
  185  12:49  Pylon  
  183  12:51  Pylon  
  183  12:54  Assimilator  
  183  12:55  Zealot x3  
  183  12:56  Zealot x5  
  183  12:57  Assimilator  
  195  13:04  Disruptor  
  183  13:14  Disruptor  
  183  13:15  Zealot x4  
  183  13:19  Zealot x5  
  178  13:33  Zealot x2  
  178  13:34  Zealot x3  
  176  13:40  Disruptor  
  167  13:45  Probe  
  167  13:46  Probe x3  
  159  13:50  Disruptor  
  159  13:52  Shield Battery  
  159  13:54  Shield Battery  
  159  13:55  Gateway, Zealot  
  152  13:56  Zealot  
  152  13:57  Gateway  
  152  13:58  Gateway  
  152  13:59  Void Ray  
  150  14:11  Zealot x2  
  150  14:12  Zealot  
  150  14:16  Disruptor  
  149  14:24  Zealot x3  
  149  14:25  Zealot x5  
  149  14:26  Protoss Ground Weapons Level 2 (Chrono Boost), Zealot x3  
  149  14:27  Protoss Shields Level 2 (Chrono Boost)  
  149  14:30  Probe x4  
  178  14:34  Pylon  
  182  14:40  Probe x2  
  182  14:42  Void Ray, Probe  
  185  14:49  Fleet Beacon  
  188  14:54  Immortal x2  
  188  14:59  High Templar x5  
  200  15:04  Archon x2  
  200  15:12  Nexus  
  200  15:17  Gravitic Boosters  
  123  16:22  Disruptor x2  
  133  16:26  Stalker x4  
  133  16:27  Stalker x6  
  133  16:30  Void Ray  
  137  16:45  Zealot x4  
  129  16:55  Assimilator  
  129  16:56  Observer  
  129  16:57  Assimilator  
  129  16:58  Disruptor  
  129  16:59  Pylon  
  129  17:00  Disruptor  
  135  17:02  Pylon, High Templar x4  
  135  17:03  Pylon  
  147  17:12  Nexus  
  147  17:13  Void Ray  
  147  17:15  Pylon  
  147  17:16  Pylon x2  
  147  17:17  Pylon  
  147  17:27  Nexus  
  147  17:28  Pylon  
  147  17:30  Pylon  
  147  17:33  Disruptor, Stargate  
  150  17:37  Zealot x7  
  150  17:38  Zealot x3  
  150  17:39  Zealot x4  
  178  17:50  Shield Battery  
  182  17:52  Shield Battery  
  182  17:56  Void Ray  
  182  18:08  Protoss Shields Level 3, Protoss Ground Weapons Level 3  
  166  18:19  Zealot x6  
  172  18:20  Zealot  
  172  18:33  Carrier  
  149  18:54  Zealot x3  
  149  18:55  Zealot x5  
  130  19:06  Stargate  
  130  19:09  Stargate  
  130  19:14  Observer  
  130  19:15  Disruptor  
  134  19:21  Assimilator  
  134  19:24  Nexus  
  134  19:27  Pylon, High Templar x3  
  134  19:29  Pylon  
  140  19:34  Carrier (Chrono Boost)  
  140  19:35  Disruptor  
  142  19:51  Carrier (Chrono Boost)  
  139  20:03  Zealot x7  
  139  20:04  Zealot x5  
  139  20:09  Zealot x7  
  110  20:27  Probe x3  
  110  20:28  Probe  
  114  20:31  Carrier  
  114  20:33  Stalker x2  
  114  20:34  Stalker x2  
  128  20:38  Zealot x3  
  128  20:39  Probe x2  
  133  20:47  Probe  
  133  20:49  Probe  
  139  20:50  Carrier x3  
  151  20:59  Gateway  
  151  21:00  Gateway  
  151  21:08  Pylon  
  151  21:17  Zealot  
  151  21:18  Zealot  
  146  21:30  Stalker x3  
  146  21:31  Stalker  
  148  21:36  Carrier  
  110  21:47  Zealot x3  
  110  21:48  Zealot  
  119  21:54  Carrier (Chrono Boost)  
  119  21:56  Stalker  
  100  22:30  Probe x4  
  95  22:50  Adept x3  
Show
View Real Time Build Order
Export as new Build Order

luo Zerg - Winner!

Build Orders: Hatch First, Lurkers 

Get SALT Encoding   

  12  0:01  Drone  
  13  0:13  Overlord  
  13  0:20  Drone  
  14  0:31  Drone x2  
  16  0:56  Hatchery  
  16  0:57  Drone  
  16  0:59  Drone  
  16  1:01  Drone  
  18  1:13  Extractor  
  18  1:18  Spawning Pool  
  16  1:21  Drone  
  16  1:25  Drone  
  18  1:30  Drone  
  19  1:47  Drone  
  20  1:50  Overlord  
  20  2:04  Queen  
  20  2:08  Queen  
  24  2:09  Zergling x4  
  24  2:15  Drone  
  27  2:18  Drone  
  28  2:25  Drone  
  29  2:38  Metabolic Boost  
  29  2:43  Hatchery  
  29  2:44  Drone x2  
  30  2:47  Drone  
  31  2:54  Queen  
  31  2:58  Drone  
  34  3:05  Drone  
  34  3:06  Drone  
  34  3:10  Overlord  
  36  3:25  Overlord  
  36  3:28  Queen  
  36  3:30  Queen  
  40  3:34  Drone  
  40  3:35  Drone  
  40  3:37  Overlord  
  42  3:43  Drone x2  
  42  3:44  Drone  
  42  3:46  Drone  
  42  3:47  Drone  
  47  3:59  Queen  
  47  4:00  Drone x3  
  47  4:01  Drone  
  53  4:03  Drone  
  53  4:04  Queen  
  53  4:06  Zergling x2  
  53  4:07  Zergling x2  
  53  4:08  Drone  
  53  4:09  Drone  
  60  4:11  Drone  
  60  4:15  Drone x2  
  63  4:18  Overlord  
  63  4:22  Zergling x4  
  63  4:23  Zergling x2  
  65  4:33  Spore Crawler  
  65  4:34  Spore Crawler  
  65  4:35  Queen  
  65  4:38  Spore Crawler  
  65  4:43  Zergling x2  
  65  4:44  Zergling x10  
  69  4:50  Drone  
  69  4:51  Drone x2  
  72  5:01  Zergling x2  
  72  5:02  Overlord x4  
  70  5:18  Roach Warren  
  70  5:19  Evolution Chamber x2  
  67  5:21  Lair  
  67  5:25  Drone x11  
  76  5:42  Hatchery, Zergling x2  
  71  5:43  Zergling x8  
  69  5:59  Roach  
  69  6:00  Roach x5  
  69  6:01  Zergling x8  
  85  6:07  Queen  
  89  6:15  Roach x2  
  91  6:18  Overlord  
  91  6:19  Overlord  
  85  6:37  Roach  
  85  6:38  Roach  
  82  6:46  Roach  
  71  6:56  Extractor  
  71  6:57  Extractor  
  71  6:58  Roach  
  71  6:59  Zergling x2  
  71  7:00  Zergling x14  
  77  7:17  Hatchery  
  76  7:26  Drone  
  76  7:27  Drone x8  
  80  7:32  Roach  
  80  7:33  Zergling x4, Roach x3  
  90  7:38  Extractor  
  90  7:39  Extractor  
  79  7:53  Drone x2  
  79  7:54  Drone x6  
  87  8:04  Queen  
  87  8:05  Queen  
  87  8:06  Glial Reconstitution  
  86  8:36  Roach x8  
  86  8:37  Zergling x8  
  102  8:52  Queen, Drone x5  
  109  9:04  Drone  
  109  9:05  Drone x3  
  113  9:12  Roach x4  
  113  9:15  Drone  
  113  9:16  Drone x2  
  124  9:20  Overlord  
  124  9:22  Overlord x2  
  124  9:23  Overlord, Extractor  
  123  9:26  Zerg Missile Weapons Level 1, Zerg Ground Armor Level 1  
  123  9:28  Drone  
  123  9:29  Hatchery  
  123  9:30  Drone  
  123  9:31  Drone x4  
  129  9:45  Drone  
  129  9:46  Drone x9  
  129  9:52  Drone x2  
  140  9:55  Roach x2  
  140  9:56  Roach  
  140  9:59  Hydralisk Den  
  145  10:03  Overlord x4  
  145  10:04  Overlord  
  145  10:17  Overlord x3  
  145  10:18  Roach x3  
  145  10:20  Overlord  
  145  10:21  Overlord x2  
  151  10:26  Drone x3  
  154  10:31  Roach x4  
  154  10:32  Roach  
  154  10:34  Muscular Augments  
  164  10:48  Hydralisk  
  164  10:49  Hydralisk x6  
  178  10:55  Extractor  
  178  10:56  Extractor  
  176  11:00  Ravager x4  
  176  11:01  Ravager  
  181  11:14  Infestation Pit  
  180  11:28  Roach x4  
  180  11:29  Roach x6  
  199  11:46  Grooved Spines  
  171  11:58  Hive  
  171  12:02  Zerg Missile Weapons Level 2  
  171  12:03  Zerg Ground Armor Level 2  
  171  12:04  Lurker Den  
  157  12:21  Roach x10  
  157  12:22  Roach x4  
  181  12:23  Zergling x24  
  181  12:24  Zergling x14  
  172  12:56  Roach x8  
  172  12:57  Roach x14  
  174  13:16  Roach x13  
  180  13:34  Roach x9  
  144  13:35  Roach x9  
  144  13:36  Roach  
  175  13:47  Seismic Spines  
  170  13:49  Hydralisk, Roach  
  174  13:56  Drone  
  174  13:57  Drone x7  
  128  14:22  Hydralisk x4, Roach  
  128  14:23  Hydralisk x5  
  142  14:33  Spine Crawler x2, Drone x4  
  144  14:43  Hydralisk x3  
  144  14:44  Hydralisk, Adaptive Talons, Roach  
  154  14:51  Lurker x6  
  160  14:55  Extractor  
  160  14:57  Extractor  
  158  15:03  Drone  
  158  15:04  Drone x2  
  161  15:08  Lurker x3  
  161  15:13  Lurker  
  165  15:14  Lurker  
  165  15:16  Hatchery  
  165  15:20  Drone  
  165  15:21  Drone x4  
  168  15:22  Drone x2  
  168  15:24  Hydralisk x4  
  168  15:25  Hydralisk  
  150  15:54  Roach x2  
  150  15:55  Roach x17  
  150  15:56  Roach  
  173  16:23  Zerg Ground Armor Level 3, Zerg Missile Weapons Level 3  
  173  16:24  Hydralisk  
  173  16:25  Hydralisk x8  
  175  16:26  Roach  
  175  16:27  Roach x2  
  168  16:53  Hydralisk x2  
  168  16:54  Hydralisk x6, Roach  
  186  17:06  Lurker x4  
  186  17:07  Lurker x3  
  194  17:08  Zergling x2  
  194  17:09  Zergling x12  
  200  17:21  Extractor x2  
  193  18:14  Hatchery  
  154  19:00  Hydralisk x14, Roach  
  154  19:02  Roach  
  193  19:03  Roach x7  
  193  19:05  Zerg Melee Weapons Level 1  
  149  20:27  Hydralisk, Roach  
  149  20:28  Hydralisk x12, Roach x11  
  193  20:39  Lurker x7  
  185  20:54  Hydralisk  
  185  20:55  Hydralisk x6  
  126  21:59  Hydralisk  
  126  22:01  Hydralisk  
  122  22:02  Hydralisk x4, Roach  
  122  22:03  Hydralisk x5  
  122  22:04  Hydralisk x28  
  197  22:28  Hydralisk x2, Roach  
  197  22:29  Extractor, Hydralisk x2  
  200  22:30  Extractor  
  200  22:35  Spire  
Tags
 
Add a new tag
Caveats
  • Supply blocks, unpowered buildings, or Contaminate may cause inaccurate times.
  • Supply counts are checked every 10 seconds.